 Dungeon Crawl Stone Soup version 0.24.0-41-g2ae2f7f1be (webtiles) character file.

Game seed: 11615866102362326643, levelgen mode: deterministic

6223 FishyPogo the Magician (level 10, -19/79 HPs)
             Began as a Gnoll Skald on Dec 14, 2019.
             Was an Elder of Fedhas.
             Demolished by a phantasmal warrior (28 damage)
             ... led by a death knight
             ... on level 9 of the Dungeon on Dec 15, 2019.
             The game lasted 00:50:11 (8320 turns).

FishyPogo the Magician (Gnoll Skald)                Turns: 8320, Time: 00:50:11

Health: -19/79     AC:  5    Str: 15    XL:     10   Next: 92%
Magic:  21/21      EV: 17    Int: 15    God:    Fedhas [****..]
Gold:   736        SH:  0    Dex: 17    Spells: 9/24 levels left

rFire    . . .     SeeInvis +   v - +2 short sword (elec)
rCold    + . .     Gourm    .   (no shield)
rNeg     . . .     Faith    .   m - +2 leather armour {rC+}
rPois    .         Spirit   .   (no helmet)
rElec    .         Reflect  .   (no cloak)
rCorr    .         Harm     .   (no gloves)
MR       .....                  (no boots)
Stlth    +++.......             g - amulet of magic regeneration
HPRegen  0.23/turn              r - ring of see invisible
MPRegen  0.42/turn              (no ring)

@: vulnerable
A: distributed training, fangs 1, strong nose
a: Wall of Briars, Grow Ballistomycete, Overgrow, Renounce Religion


You were on level 9 of the Dungeon.
You worshipped Fedhas.
Fedhas was greatly pleased with you.
You were not hungry.

You visited 1 branch of the dungeon, and saw 10 of its levels.
You also visited: Sewer.

You collected 736 gold pieces.

Inventory:

Hand Weapons
 v - a +2 short sword of electrocution (weapon)
 L - a +1 dagger of holy wrath
Missiles
 e - 239 stones
 s - 35 poisoned darts (quivered)
 K - 6 javelins
Armour
 m - a +2 leather armour of cold resistance (worn)
 y - a +0 shield
Jewellery
 g - an amulet of magic regeneration (around neck)
 r - a ring of see invisible (left hand)
 t - an uncursed amulet of the acrobat
Wands
 u - a wand of flame (16)
 A - a wand of polymorph (7)
 B - a wand of iceblast (3)
 C - a wand of clouds (4)
 J - a wand of disintegration (7)
Scrolls
 c - 3 scrolls of blinking
 j - 10 scrolls of remove curse
 k - a scroll of amnesia
 l - 5 scrolls of teleportation
 q - 8 scrolls of identify
 w - 2 scrolls of enchant armour
 D - 2 scrolls of magic mapping
 F - 2 scrolls of fear
 I - a scroll of enchant weapon
Potions
 a - a potion of degeneration {unknown}
 b - 2 potions of flight
 f - a potion of mutation
 h - 2 potions of heal wounds {unknown}
 i - 5 potions of curing
 n - a potion of might {unknown}
 o - 2 potions of invisibility {unknown}
 x - 2 potions of berserk rage {unknown}
 z - 3 potions of ambrosia {unknown}
 E - a potion of haste
 G - a potion of lignification {unknown}
 H - 3 potions of brilliance {unknown}
 M - a potion of agility {unknown}
Comestibles
 d - 19 rations


   Skills:
 + Level 7.3 Fighting
 + Level 7.3 Short Blades
 + Level 5.6 Long Blades
 + Level 5.6 Axes
 + Level 5.6 Maces & Flails
 + Level 5.6 Polearms
 + Level 5.6 Staves
 + Level 5.6 Slings
 + Level 5.6 Bows
 + Level 5.6 Crossbows
 + Level 5.6 Throwing
 + Level 6.2 Armour
 + Level 7.3 Dodging
 + Level 5.6 Stealth
 + Level 5.6 Shields
 + Level 5.6 Unarmed Combat
 + Level 7.6 Spellcasting
 + Level 4.6 Conjurations
 + Level 4.6 Hexes
 + Level 7.2 Charms
 + Level 4.6 Summonings
 + Level 4.6 Necromancy
 + Level 4.6 Translocations
 + Level 4.6 Transmutations
 + Level 4.6 Fire Magic
 + Level 4.6 Ice Magic
 + Level 4.6 Air Magic
 + Level 4.6 Earth Magic
 + Level 4.6 Poison Magic
 + Level 6.2 Invocations
 + Level 5.6 Evocations


You had 9 spell levels left.
You knew the following spells:

 Your Spells              Type           Power        Failure   Level  Hunger
d - Animate Dead          Necr           N/A          22%         4    ####...
h - Regeneration          Chrm/Necr      ###.......   3%          3    ##.....
n - Spectral Weapon       Hex/Chrm       ###.....     3%          3    ##.....
p - Shroud of Golubria    Chrm/Tloc      ###...       1%          2    None
u - Song of Slaying       Chrm           ####....     1%          2    None
y - Infusion              Chrm           ####         1%          1    None

Your spell library contained the following spells:

 Spells                   Type           Power        Failure   Level  Hunger
 Animate Skeleton         Necr           N/A          2%          1    None
 Pain                     Necr           ###.         2%          1    None
 Vampiric Draining        Necr           ###.......   7%          3    ##.....


Dungeon Overview and Level Annotations

Branches:
Dungeon (10/15)            Temple (0/1) D:4            Lair (0/6) D:9
  Sewer (visited)
    Orc: D:9-12

Altars:
Cheibriados
Elyvilon
Fedhas
Okawaru
Ru
Sif Muna
Uskayaw
Xom
Beogh

Shops:
D:4 %   D:6 (   D:9 (

Annotations:
D:3 1 runed translucent door, raetorn's ghost, amateur MiGl
D:6 exclusion: death knight


Innate Abilities, Weirdness & Mutations

Your experience applies equally to all skills.
You have very sharp teeth.
Your uncanny sense of smell can sniff out nearby items.


Message History

You climb downwards.
The phantasmal warrior hits you!!
Your magical defenses are stripped away!
There is a stone staircase leading up, spattered with blood here.
Your skin stops crawling.
The phantasmal warrior hits you!!
* * * LOW HITPOINT WARNING * * *
You climb upwards.
There is a stone staircase leading down here.
A briar patch grows up from the ground. x7; You feel slightly more hungry.
The phantasmal warrior misses you.
You walk carefully through the plants.
The phantasmal warrior barely misses you.
The phantasmal warrior blinks!
The phantasmal warrior blinks!
Okay, then.
Okay, then.
Okay, then.
The phantasmal warrior hits you!!
You die...
Fedhas appreciates your contribution to the ecosystem.

#.)...#...'......#....##
#.....#####......#....##
#.....PPP........#....##
#.##....P........##'###.
#.##..PPP..(............
#.##).........#.........
#.##........>.#...####..
#.##....W.....#.<.# #..
#......@......#...####..
#.............<.........
########################


You could see a phantasmal warrior.

Vanquished Creatures
  A two-headed ogre (D:9)
  A meliai zombie (D:10)
  Sigmund (D:5)
  2 hippogriffs
  A wyvern (D:8)
  3 yaks (D:7)
  A human (D:8)
  A hungry ghost (D:9)
  4 hogs (D:8)
  Menkaure (D:7)
  Edmund (D:5)
  A sky beast (D:8)
  3 orc warriors
  2 phantoms
  4 ogres
  4 centaurs
  A big kobold (Sewer)
  Blork the orc (D:5)
  5 bullfrogs
  A wyvern skeleton (D:6)
  3 scorpions
  4 howler monkeys
  A crimson imp (D:7)
  A centaur zombie (D:8)
  A bullfrog zombie (D:9)
  A centaur skeleton (D:6)
  3 jellies
  4 orc priests
  2 bullfrog skeletons
  A hound (D:8)
  3 orc wizards
  A gnoll shaman (D:7)
  7 worker ants
  A hound zombie (D:5)
  A hound skeleton (D:7)
  10 adders
  6 gnolls
  A howler monkey skeleton (D:4)
  4 shadow imps
  3 oozes
  4 worms
  3 adder skeletons
  2 adder zombies
  4 dart slugs
  5 leopard geckos
  40 orcs
  5 giant cockroaches
  10 goblins
  7 hobgoblins
  An iguana (D:2)
  15 jackals
  3 quokkas
  2 ball pythons
  8 bats
  5 frilled lizards
  A giant cockroach zombie (D:5)
  13 kobolds
  A quokka zombie (D:8)
  6 rats
  2 plants (D:1)
234 creatures vanquished.

Vanquished Creatures (collateral kills)
  2 orc warriors (D:8)
  A bullfrog (D:8)
  An orc priest (D:8)
  An adder (D:8)
  12 orcs (D:8)
  13 ballistomycete spores
30 creatures vanquished.

Vanquished Creatures (others)
  4 fungi (D:2)
  3 spectral weapons
7 creatures vanquished.

Grand Total: 271 creatures vanquished

Notes
Turn   | Place    | Note
-------+----------+-------------------------------------------
     0 | D:1      | FishyPogo the Gnoll Skald began the quest for the Orb.
     0 | D:1      | Reached XP level 1. HP: 20/20 MP: 6/6
   352 | D:1      | Reached XP level 2. HP: 23/26 MP: 3/7
   404 | D:1      | Learned a level 2 spell: Song of Slaying
   407 | D:1      | Learned a level 2 spell: Shroud of Golubria
  1107 | D:2      | Found a blossoming altar of Fedhas.
  1117 | D:2      | Reached skill level 5 in Spellcasting
  1117 | D:2      | Reached skill level 1 in Invocations
  1117 | D:2      | Reached XP level 3. HP: 8/31 MP: 4/9
  1128 | D:2      | Learned a level 3 spell: Regeneration
  1132 | D:2      | Learned a level 3 spell: Spectral Weapon
  1188 | D:2      | Became a worshipper of Fedhas Madash
  1215 | D:2      | Reached skill level 1 in Long Blades
  1215 | D:2      | Reached skill level 1 in Axes
  1215 | D:2      | Reached skill level 1 in Maces & Flails
  1215 | D:2      | Reached skill level 1 in Polearms
  1215 | D:2      | Reached skill level 1 in Staves
  1215 | D:2      | Reached skill level 1 in Slings
  1215 | D:2      | Reached skill level 1 in Bows
  1215 | D:2      | Reached skill level 1 in Crossbows
  1215 | D:2      | Reached skill level 1 in Throwing
  1215 | D:2      | Reached skill level 1 in Stealth
  1215 | D:2      | Reached skill level 1 in Shields
  1215 | D:2      | Reached skill level 1 in Unarmed Combat
  1215 | D:2      | Reached skill level 1 in Evocations
  1215 | D:2      | Reached XP level 4. HP: 38/38 MP: 8/11
  1392 | D:2      | Reached skill level 1 in Conjurations
  1392 | D:2      | Reached skill level 1 in Hexes
  1392 | D:2      | Reached skill level 1 in Summonings
  1392 | D:2      | Reached skill level 1 in Necromancy
  1392 | D:2      | Reached skill level 1 in Translocations
  1392 | D:2      | Reached skill level 1 in Transmutations
  1392 | D:2      | Reached skill level 1 in Fire Magic
  1392 | D:2      | Reached skill level 1 in Ice Magic
  1392 | D:2      | Reached skill level 1 in Air Magic
  1392 | D:2      | Reached skill level 1 in Earth Magic
  1392 | D:2      | Reached skill level 1 in Poison Magic
  1396 | D:2      | Found a shimmering altar of Xom.
  1457 | D:2      | Reached XP level 5. HP: 35/43 MP: 1/12
  1733 | D:2      | Reached * piety under Fedhas
  2168 | D:3      | Found a sacrificial altar of Ru.
  2241 | D:3      | Found a glowing drain.
  2363 | Sewer    | Entered a sewer
  2424 | Sewer    | Noticed a big kobold
  2429 | Sewer    | Killed a big kobold
  2429 | Sewer    | Reached XP level 6. HP: 50/50 MP: 3/13
  2475 | Sewer    | Found a white marble altar of Elyvilon.
  2656 | D:3      | Noticed raetorn's ghost (amateur MiGl)
  2660 | D:3      | Found a runed translucent door.
  2745 | D:3      | Reached ** piety under Fedhas
  3041 | D:3      | Found a snail-covered altar of Cheibriados.
  3233 | D:4      | Reached skill level 5 in Fighting
  3233 | D:4      | Reached skill level 5 in Short Blades
  3233 | D:4      | Reached skill level 5 in Dodging
  3270 | D:4      | Reached XP level 7. HP: 47/56 MP: 8/15
  3317 | D:4      | Found a staircase to the Ecumenical Temple.
  3415 | D:4      | Found Guefepho's Food Boutique.
  3587 | D:4      | You fall into a shaft and drop 1 floor!
  3587 | D:5      | Entered Level 5 of the Dungeon
  3758 | D:5      | Noticed Blork the orc
  3776 | D:5      | Killed Blork the orc
  3778 | D:5      | Reached *** piety under Fedhas
  3909 | D:5      | Reached XP level 8. HP: 63/63 MP: 16/16
  4169 | D:5      | Noticed Edmund
  4178 | D:5      | Killed Edmund
  4367 | D:5      | Noticed Sigmund
  4380 | D:5      | Killed Sigmund
  4800 | D:6      | Found a shimmering blue altar of Sif Muna.
  4960 | D:6      | Noticed a death knight
  5311 | D:6      | Reached XP level 9. HP: 53/69 MP: 13/18
  5315 | D:6      | Found Jaijatet's Antique Weapon Shop.
  5350 | D:6      | Found a white marble altar of Elyvilon.
  5378 | D:6      | Found an iron altar of Okawaru.
  5379 | D:6      | Found a shimmering blue altar of Sif Muna.
  5915 | D:7      | Noticed Menkaure
  6131 | D:7      | Reached skill level 5 in Armour
  6497 | D:7      | Killed Menkaure
  6506 | D:7      | Found a hide-covered altar of Uskayaw.
  6687 | D:8      | Reached **** piety under Fedhas
  6777 | D:8      | Learned a level 4 spell: Animate Dead
  6807 | D:8      | Reached skill level 5 in Invocations
  6816 | D:8      | Reached XP level 10. HP: 61/77 MP: 20/20
  6909 | D:8      | Found a roughly hewn altar of Beogh.
  6923 | D:8      | Reached skill level 5 in Long Blades
  6923 | D:8      | Reached skill level 5 in Axes
  6923 | D:8      | Reached skill level 5 in Maces & Flails
  6923 | D:8      | Reached skill level 5 in Polearms
  6923 | D:8      | Reached skill level 5 in Staves
  6923 | D:8      | Reached skill level 5 in Slings
  6923 | D:8      | Reached skill level 5 in Bows
  6923 | D:8      | Reached skill level 5 in Crossbows
  6923 | D:8      | Reached skill level 5 in Throwing
  6923 | D:8      | Reached skill level 5 in Stealth
  6923 | D:8      | Reached skill level 5 in Shields
  6923 | D:8      | Reached skill level 5 in Unarmed Combat
  6923 | D:8      | Reached skill level 5 in Evocations
  7513 | D:9      | Found Remetohe's Weapon Shop.
  7564 | D:9      | Found a staircase to the Lair.
  7636 | D:9      | Noticed a two-headed ogre
  7654 | D:9      | Killed a two-headed ogre
  8250 | D:10     | Entered Level 10 of the Dungeon
  8305 | D:10     | Noticed a phantasmal warrior
  8320 | D:9      | Demolished by a phantasmal warrior

Levels and vault maps discovered:
D:1:      eino_arrival_cavern_a, layout_loops_corners, wad_woods_river_04,
          grunt_decor_resistance
D:2:      layout_basic, fedhas_altar_3, dk_xom_monty_hall
D:3:      layout_loops_ring, nicolae_ru_sacrificial_ziggurat,
          kennysheep_slug_shrine, cheibrodos_sewer_entry_drain,
          hellmonk_ghost_happy_afterlife, first_ration
D:4:      layout_rooms, minmay_temple_entry_hall, serial_shops, shop
D:5:      layout_basic, uniq_blork_the_orc, uniq_sigmund, uniq_edmund
D:6:      layout_cave_pods, old_standard_altar,
          gammafunk_temple_overflow_statue, basic_altar, serial_shops, shop
D:7:      layout_basic, lemuel_coloured_pillars_altar, minmay_bent,
          uniq_menkaure
D:8:      layout_rooms, special_room [special_room_orc], grunt_livestock
D:9:      layout_stronghold, lair_entry_dummy, serial_shops, shop
D:10:     layout_roguey, serial_ice, serial_ice_g, serial_ice_l, serial_ice_m,
          serial_ice_b, serial_ice_a, minmay_fire_ice_demons

Skill      XL: |  1  2  3  4  5  6  7  8  9 10 |
---------------+-------------------------------+-----
Spellcasting   | 5 6 7 |  7.6
Invocations    | 1 2 3 4 5 6 |  6.2
Long Blades    | 1 2 3 4 5 |  5.6
Axes           | 1 2 3 4 5 |  5.6
Maces & Flails | 1 2 3 4 5 |  5.6
Polearms       | 1 2 3 4 5 |  5.6
Staves         | 1 2 3 4 5 |  5.6
Slings         | 1 2 3 4 5 |  5.6
Bows           | 1 2 3 4 5 |  5.6
Crossbows      | 1 2 3 4 5 |  5.6
Throwing       | 1 2 3 4 5 |  5.6
Stealth        | 1 2 3 4 5 |  5.6
Shields        | 1 2 3 4 5 |  5.6
Unarmed Combat | 1 2 3 4 5 |  5.6
Evocations     | 1 2 3 4 5 |  5.6
Conjurations   | 1 2 3 4 |  4.6
Hexes          | 1 2 3 4 |  4.6
Summonings     | 1 2 3 4 |  4.6
Necromancy     | 1 2 3 4 |  4.6
Translocations | 1 2 3 4 |  4.6
Transmutations | 1 2 3 4 |  4.6
Fire Magic     | 1 2 3 4 |  4.6
Ice Magic      | 1 2 3 4 |  4.6
Air Magic      | 1 2 3 4 |  4.6
Earth Magic    | 1 2 3 4 |  4.6
Poison Magic   | 1 2 3 4 |  4.6
Armour         | 3 4 5 6 |  6.2
Fighting       | 5 6 7 |  7.3
Short Blades   | 5 6 7 |  7.3
Dodging        | 5 6 7 |  7.3
Charms         | 6 7 |  7.2

Action                   |  1- 3 |  4- 6 |  7- 9 | 10-12 || total
-------------------------+-------+-------+-------+-------++-------
Melee: Short sword       |   184 |   197 |   222 |    98 ||   701
       Bite              |    30 |    21 |    29 |     6 ||    86
       Punch             |       |       |     1 |     1 ||     2
Throw: Stone             |    34 |    46 |     3 |       ||    83
       Dart              |       |    12 |    56 |    21 ||    89
       Boomerang         |       |       |       |     9 ||     9
 Cast: Infusion          |     6 |     2 |     1 |     2 ||    11
       Shroud of Golubri |     2 |    11 |    15 |     6 ||    34
       Song of Slaying   |     2 |    11 |    11 |     7 ||    31
       Regeneration      |     2 |     2 |     9 |     4 ||    17
       Spectral Weapon   |       |    17 |    28 |    14 ||    59
       Animate Dead      |       |       |     1 |     2 ||     3
Invok: Grow Ballistomyce |       |       |       |     2 ||     2
       Wall of Briars    |       |       |       |     1 ||     1
       Overgrow          |       |       |       |     1 ||     1
  Use: Scroll            |       |     9 |     3 |       ||    12
       Potion            |       |     1 |       |       ||     1
 Stab: Sleeping          |       |     1 |     1 |     8 ||    10
       Distracted        |       |     1 |       |       ||     1
  Eat: Chunk             |     1 |     9 |    11 |     7 ||    28
       Ration            |       |       |     1 |       ||     1
Armor: Leather armour    |     7 |    30 |    28 |    10 ||    75
Dodge: Dodged            |    27 |   148 |   165 |    55 ||   395
